Cogmind - Beta 13 @@@ ROGUE MODE // 2024.04.06 @ 12:21:28 Player: Dizzar Result: Self-destructed Performance ------------- Evolutions (1) 500 Regions Visited (3) 600 Robots Destroyed (21) 105 Value Destroyed (560) 560 Prototype IDs (2) 40 Alien Tech Used (0) 0 Bonus (60) 60 TOTAL SCORE: 1865 Bonus ------- Follower Combat Kills 60 Cogmind --------- Core Integrity 380/400 Matter 270/300 Energy 146/250 System Corruption 0% Temperature Cool (0) Movement Rolling (80) Location -9/Materials Parts ------- > --- POWER (1) -------- Ion Engine > --- PROPULSION (2) --- Wheel Wheel > --- UTILITY (3) ------ Small Storage Unit Weapon Shielding > --- WEAPON (3) ------- (None) > --- INVENTORY (8) ---- Ion Engine Light Ion Engine Light Treads Light Treads Peak State ------------ > --- POWER ------------ Light Ion Engine > --- PROPULSION ------- Aluminum Leg Aluminum Leg > --- UTILITY ---------- Heat Sink Small Storage Unit > --- WEAPON ----------- Particle Gun Assault Rifle > --- INVENTORY -------- Ion Engine Light Ion Engine Light Treads Light Treads Compact Wheel Compact Wheel Small Laser [Rating: 8] Favorites ----------- Power Light Ion Engine Engine Light Ion Engine Power Core Light Nuclear Core Propulsion Compact Wheel Leg Aluminum Leg Wheel Compact Wheel Utility Small Storage Unit Device Heat Sink Storage Small Storage Unit Protection Weapon Shielding Weapon Small Laser Energy Gun Small Laser Ballistic Gun Light Assault Rifle Build | -11 -10 -10 -9 ------- Run | Yrd Mat Min Mat Slots Evolved 2 | . . . 2 Power . | . . . . Propulsion . | . . . . Utility 1 | . . . 1 Weapon 1 | . . . 1 Parts Attached 11 | . 6 4 1 Power 2 | . . 1 1 Engine 1 | . . . 1 Core 1 | . . 1 . Reactor . | . . . . Propulsion 4 | . 2 2 . Treads . | . . . . Leg . | . . . . Wheel 4 | . 2 2 . Hover . | . . . . Flight . | . . . . Utility 2 | . 1 1 . Device 1 | . 1 . . Storage . | . . . . Processor . | . . . . Hackware . | . . . . Protection 1 | . . 1 . Artifact . | . . . . Weapon 3 | . 3 . . Energy Gun 2 | . 2 . . Energy Cannon . | . . . . Ballistic Gun 1 | . 1 . . Ballistic Cannon . | . . . . Launcher . | . . . . Special Weapon . | . . . . Impact Weapon . | . . . . Slashing Weapon . | . . . . Piercing Weapon . | . . . . Special Melee Weapon . | . . . . Unidentified Prototypes . | . . . . Parts Lost 10 | . 4 5 1 Power 1 | . . . 1 Propulsion 4 | . 2 2 . Utility 1 | . . 1 . Weapon 4 | . 2 2 . Highest Loss Streak 4 | . 4 3 1 To Critical Strikes . | . . . . Average Slot Usage (%) 89 | . 97 85 55 Engine 7 | . 14 2 2 Core 6 | . . 11 8 Leg 4 | . 10 . . Wheel 21 | . 16 26 22 Device 6 | . 12 2 . Storage 13 | . 14 14 11 Energy Gun 11 | . 10 13 . Ballistic Gun 14 | . 17 13 . Naked Turns . | . . . . Heaviest Build 14 | 12 14 12 11 Greatest Support 32 | 20 32 32 20 Greatest Overweight (x) 3 | . 3 3 . Average Overweight (x) . | . . . . Largest Inventory Capacity 8 | . 8 8 8 Average Capacity 8 | . 8 8 8 Most Carried 8 | . 8 7 5 Average Carried 6 | . 6 6 4 Final Capacity 8 | 8 8 8 8 Final Carried 6 | 6 6 5 4 Class Distribution -------------------- 100% | Mutant Dominant Class ---------------- Mutant | -10/Materials Mutant | -10/Mines Mutant | -9/Materials Resources | -11 -10 -10 -9 ----------- Run | Yrd Mat Min Mat Matter Collected 446 | 193 224 29 . Remotely . | . . . . Salvage Created 776 | . 533 243 . Parts 47 | . 30 17 . Haulers Intercepted 1 | . 1 . . Recyclers Shooed . | . . . . Parts Field Recycled . | . . . . Retrieved Matter . | . . . . Parts Self-Destructed . | . . . . Prevented . | . . . . Kills | -11 -10 -10 -9 ------- Run | Yrd Mat Min Mat Combat Hostiles Destroyed 19 | . 13 6 . Guns 19 | . 13 6 . Classes Destroyed 4 | . 4 . . Hauler 1 | . 1 . . Recycler 1 | . 1 . . Swarmer 5 | . 5 . . Grunt 14 | . 8 6 . Best Kill Streak 4 | . 4 2 . Combat Bots Only 4 | . 4 2 . Max Kills in Single Turn 1 | . 1 1 . Gunslinging . | . . . . Exploded . | . . . . Melee . | . . . . Uniques/NPCs Destroyed . | . . . . Combat | -11 -10 -10 -9 -------- Run | Yrd Mat Min Mat Hostile Shots Fired 122 | . 75 40 7 Missed 35 | . 24 10 1 Damage Taken 974 | . 563 356 55 Core 168 | . 101 47 20 Absorbed by Shields . | . . . . Core Remaining (%) 70 | 100 . 40 . Volleys Fired 77 | . 52 25 . Largest 2 | . 2 2 . Hottest 85 | . 85 60 . Shots Fired 149 | . 101 48 . Gun 149 | . 101 48 . Cannon . | . . . . Launcher . | . . . . Special . | . . . . Kinetic 94 | . 71 23 . Thermal 55 | . 30 25 . Explosive . | . . . . Electromagnetic . | . . . . Robot Hit Streak 12 | . 12 8 . Robot Miss Streak 3 | . 3 2 . Penetration Max . | . . . . Secondary Targets 3 | . 2 1 . Max Gunslinging Chain 1 | . 1 1 . Shots Hit Robots 90 | . 59 31 . Core Hits 35 | . 22 13 . Critical Kills 1 | . 1 . . Critical Parts Destroyed . | . . . . Critical Strikes 1 | . 1 . . Destroy 1 | . 1 . . Melee Attacks . | . . . . Impact . | . . . . Slashing . | . . . . Piercing . | . . . . Sneak Attacks . | . . . . Combat Hostiles . | . . . . Follow-up Attacks . | . . . . Damage Inflicted 1024 | . 716 308 . Guns 1019 | . 716 303 . Cannons . | . . . . Explosions . | . . . . Melee . | . . . . Ramming 5 | . . 5 . Kinetic 623 | . 518 105 . Thermal 396 | . 198 198 . Explosive . | . . . . Electromagnetic . | . . . . Impact . | . . . . Slashing . | . . . . Piercing . | . . . . Highest Corruption . | . . . . Average Corruption . | . . . . Corruption Purged . | . . . . Corruption Blocked . | . . . . Overload Shots . | . . . . Overflow Damage . | . . . . Projectiles . | . . . . Explosions . | . . . . Melee . | . . . . Knockbacks . | . . . . Impact . | . . . . Kinetic . | . . . . Secondary . | . . . . Self-Inflicted Damage 2 | . . 2 . Shots . | . . . . Rammed 2 | . . 2 . Targets Rammed 2 | . . 2 . Kicked . | . . . . Crushed . | . . . . Highest Temperature 96 | . 10 96 . Average Temperature 23 | . 5 27 . Received Heat Transfer 372 | . 168 204 . Siege Activations . | . . . . Robots Corrupted . | . . . . Combat Hostiles . | . . . . Parts Fried . | . . . . Impact Corruptions . | . . . . Robots Melted . | . . . . Combat Hostiles . | . . . . Parts Melted 1 | . . 1 . Heat Transferred 922 | . 472 450 . Parts Sabotaged . | . . . . Parts Stolen . | . . . . Parts Stripped . | . . . . Power Chain Reactions . | . . . . Alert | -11 -10 -10 -9 ------- Run | Yrd Mat Min Mat Peak Influence 152 | . 152 71 35 Initial 31 | . . 31 20 Average 35 | . 46 27 19 Maximum Alert Level . | . . . . Low Security (%) 100 | . 100 100 100 Level 1 . | . . . . Level 2 . | . . . . Level 3 . | . . . . Level 4 . | . . . . Level 5 . | . . . . High Security . | . . . . Max Security . | . . . . Squads Dispatched 4 | . 3 . 1 Investigation 2 | . 2 . . Extermination . | . . . . Reinforcement 2 | . 1 . 1 Assault . | . . . . Garrison . | . . . . Intercept . | . . . . Searches Triggered . | . . . . Construction Impeded . | . . . . Haulers Reinforced . | . . . . Active Scanning Responses . | . . . . Cargo Convoy Interrupts . | . . . . Stealth | -11 -10 -10 -9 --------- Run | Yrd Mat Min Mat Distress Signals 3 | . 2 . 1 Communications Jammed . | . . . . Distress Signals . | . . . . Times Spotted 35 | . 22 8 5 Peak Tracking Total 6 | . 6 3 5 Tactical Retreats . | . . . . Traps | -11 -10 -10 -9 ------- Run | Yrd Mat Min Mat Traps Triggered 2 | . 2 . . Indirectly . | . . . . Trap Hack Attempts . | . . . . Triggered . | . . . . Disarmed . | . . . . Reprogrammed . | . . . . Reused . | . . . . Traps Extracted . | . . . . Installed . | . . . . Triggered . | . . . . Machines | -11 -10 -10 -9 ---------- Run | Yrd Mat Min Mat Machines Disabled . | . . . . Max in Single Turn . | . . . . Machines Repaired . | . . . . Machines Dismantled . | . . . . Machines Sabotaged . | . . . . Overloaded Fab Kills . | . . . . Hacking | -11 -10 -10 -9 --------- Run | Yrd Mat Min Mat Machines Accessed 5 | . 5 . . Terminals 5 | . 5 . . Fabricators . | . . . . Repair Stations . | . . . . Recycling Units . | . . . . Scanalyzers . | . . . . Garrison Access . | . . . . Total Hacks 13 | . 13 . . Successful 4 | . 4 . . Failed 9 | . 9 . . Catastrophic 2 | . 2 . . Database Lockouts . | . . . . Manual 3 | . 3 . . Terminals 13 | . 13 . . Fabricators . | . . . . Repair Stations . | . . . . Recycling Units . | . . . . Scanalyzers . | . . . . Garrison Access . | . . . . Terminal Hacks 4 | . 4 . . Prototype ID Bank 1 | . 1 . . Recycling Unit Index 1 | . 1 . . Unreport Threat 1 | . 1 . . Recall Reinforcements 1 | . 1 . . Fabricator Hacks . | . . . . Repair Station Hacks . | . . . . Recycling Unit Hacks . | . . . . Scanalyzer . | . . . . Garrison Access Hacks . | . . . . Unauthorized Hacks . | . . . . Terminals . | . . . . Fabricators . | . . . . Repair Stations . | . . . . Recycling Units . | . . . . Scanalyzers . | . . . . Garrison Access . | . . . . Data Cores Recovered . | . . . . Used . | . . . . Hacking Detections 5 | . 5 . . Full Trace Events . | . . . . Feedback Events . | . . . . Feedback Blocked . | . . . . Robot Schematics Acquired . | . . . . Robots Built . | . . . . Authchips . | . . . . Time . | . . . . Total Robot Build Rating . | . . . . Part Schematics Acquired . | . . . . Parts Built . | . . . . Authchips . | . . . . Time . | . . . . Total Part Build Rating . | . . . . Parts Repaired . | . . . . Time . | . . . . Parts Recycled . | . . . . Recycled Matter . | . . . . Retrieved Matter . | . . . . Retrieved Components . | . . . . Parts Scanalyzed . | . . . . Part Schematics Acquired . | . . . . Parts Damaged . | . . . . Bothacking | -11 -10 -10 -9 ------------ Run | Yrd Mat Min Mat Used RIF Installer . | . . . . Robots Hacked . | . . . . Non-combat . | . . . . Combat . | . . . . Robot Hacks Applied . | . . . . Relay Couplers Released . | . . . . Fabnet Peak Effective % . | . . . . Robots Rewired . | . . . . Allies Hacked . | . . . . Hacks Repelled . | . . . . Allies | -11 -10 -10 -9 -------- Run | Yrd Mat Min Mat Total Allies 3 | . . 3 . Largest Group 3 | . . 3 1 Highest-Rated Group 40 | . . 40 16 Highest-Rated Ally 16 | . . 16 16 Total Orders . | . . . . Ally Attacks 9 | . . 6 3 Total Damage 77 | . . 62 15 Kills 2 | . . 2 . Allies Corrupted . | . . . . Allies Melted . | . . . . Intel | -11 -10 -10 -9 ------- Run | Yrd Mat Min Mat Robot Analysis Total . | . . . . Derelict Logs Recovered . | . . . . Drone Launches . | . . . . Drone Recoveries . | . . . . Exploration | -11 -10 -10 -9 ------------- Run | Yrd Mat Min Mat Turns Passed 1712 | . 753 921 38 Spaces Moved 1048 | 1 537 470 40 Core 3 | . 2 1 . Treads . | . . . . Legs 140 | 1 139 . . Wheels 905 | . 396 469 40 Hover . | . . . . Flight . | . . . . Fastest Speed 80 | 120 100 80 80 Average Speed 102 | 120 105 99 80 Slowest Speed 200 | 120 200 200 80 Overloaded Moves . | . . . . Propulsion Burnouts . | . . . . Robots Hopped . | . . . . Cave-ins Triggered . | . . . . Exploration Rate (%) 46 | 2 96 80 6 Regions Visited 3 Branch Regions 1 Pre-discovered Areas . | . . . . Known Exits Taken . | . . . . Unknown Exits Taken 3 | 1 1 1 . Scrap Searched 1 | . . 1 . Spaces Dug . | . . . . Terrain Destroyed . | . . . . Melee . | . . . . Projectile . | . . . . AOE . | . . . . Terrain Rammed . | . . . . Walls Destroyed . | . . . . Machines Disabled . | . . . . Actions | -11 -10 -10 -9 --------- Run | Yrd Mat Min Mat Total 1546 | . 624 877 45 Wait 405 | . 26 375 4 Move 1045 | . 536 469 40 Hop . | . . . . Pick Up 4 | . 3 1 . Fast Attach 4 | . 3 1 . Attach 6 | . 3 2 1 Detach . | . . . . Swap 1 | . . 1 . Drop 2 | . 1 1 . Fire 77 | . 52 25 . Melee . | . . . . Ram 2 | . . 2 . Kick . | . . . . Crush . | . . . . Escape Stasis . | . . . . Rewire . | . . . . Trap . | . . . . Miscellaneous . | . . . . Route ------- -11/Scrapyard -10/Materials (discovered 4 exits: [*Mat x3] / [*Min]) -10/Mines -9/Materials History --------- Turn | Location | Event 1 | -11/Scrapyard | Discovered new exit (range 0) 1 | -11/Scrapyard | Entered Materials 322 | -10/Materials | Build established: Mutant 322 | -10/Materials | Lost 4 parts (2n2w) 327 | -10/Materials | Discovered new exit (range 10) 508 | -10/Materials | Discovered new exit (range 4) 673 | -10/Materials | Discovered new exit (range 5) 738 | -10/Materials | Discovered new exit (range 13) 754 | -10/Materials | Entered Mines 1056 | -10/Mines | Assisted by bots powering up and referring to "LRC-V3" 1177 | -10/Mines | Excavation squad dispatched 1177 | -10/Mines | A large section of the Mines collapsed 1427 | -10/Mines | Excavation squad dispatched 1656 | -10/Mines | Core integrity fell below 50% 1660 | -10/Mines | Discovered new exit (range 9) 1675 | -10/Mines | Entered Materials 1675 | -9/Materials | Accompanied by 1 ally 1675 | -9/Materials | Evolved 2 slots: Utility x1, Weapon x1 1696 | -9/Materials | Lost 3 parts (1n2w) 1713 | -9/Materials | Self-destructed Last Messages --------------- 01661_ Searching scrap... 01661_ Found Weapon Shielding. 01661_ Found Propulsion Shielding. 01661_ Found Hcp. Storage Unit. 01661_ Found 17 Matter. 01663_ G-34 Mercenary destroyed. 01664_ Acquired Weapon Shielding. 01665_ Com. Wheel destroyed. 01670_ G-47 Trooper destroyed. PARAMETERS=UTILITY+1,WEAPON+1 LOCATION=UNKNOWN GOAL=ESCAPE 01687_ O-16 Technician: "IFF HANDSHAKE FAILED. SECURING TERMINAL." 01690_ O-16 Technician sends out distress signal. 01693_ ALERT: Hostiles spotted, dispatching reinforcements to Terminal M003. 01698_ Trooper 1a destroyed. 01701_ Lgt. Nuclear Core destroyed. Map ----- +----------------------------------------------------+ | | | | | | | | | | | | | | | | | | | | | | | | | | | | | | | ?????????????????????????????????????????????????? | | ?????????????????????????????????????????????????? | | ?????????????????????????????????????????????????? | | ?????????????????????????????????????????????????? | | ?????????????????????????????????????????????????? | | ?????????????????????????????????????????????????? | | ?????????????????????????????????????????????????? | | ?????????????????????????????????????????????????? | | ???????????????????###########???????????????????? | | ???????????????????# = #???????????????????? | | ???????????????????# @s #??????????########?? | | ???????????????????# """ #??????????# !#?? | | ???????????????????# """""s#??????????# #?? | | ???????????????????# """"" #####??????# #?? | | ???????????????????# """""s# #??????# #?? | | ???????????????????# """ # #??????# #?? | | ???????????????????# s # #??????? ???? | | ???????????????????#######+### ##########+####?? | | ???????????? = #?? | | ???????????? !% + | | ???????????? [ # " | | ?????????????### #####+##### ############?? | | ???????????????#?????????????# #????????????? | | ?????????????????????????????# #????????????? | | ?????????????????????????????# #????????????? | | ?????????????????????????????# #????????????? | | ?????????????????????????????# #????????????? | | ?????????????????????????????# #????????????? | | ?????????????????????????????# #????????????? | | ?????????????????????????????# ????????????? | | ?????????????????????????????# ???????????? | | ?????????????????????????????# ???????????? | | ?????????????????????????????# ????????????? | | ?????????????????????????????# ???????????? | | ??????????????????????????????? ????????????? | +----------------------------------------------------+ Best States ------------- Heat Dissipation 35 Energy Generation 14 Energy Capacity 250 Matter Stores 300 Matter Capacity 300 Sight Range 16 Terrain Scan Density 10 Weapon Shielding 33 Evasion (%) 55 Item Schematics ----------------- None Robot Schematics ------------------ None Fabricated ------------ Nothing Alien Tech Used ----------------- None Achievements -------------- None Challenges ------------ None Game ------ Seed RainbowElectronChronowheel Manual? 0 Play Time 00:11:10 Cumulative 56.0 hours Start 2024.04.06 @ 12:10:33 End 2024.04.06 @ 12:21:28 Sessions 1 Manual Loads 0 Difficulty Rogue Special Mode None Game No. 77 Rogue 77 Adventurer 0 Explorer 0 Win Type - Total 4 Types 4/0/0/0/0/0/0/0/0 Lore% 42 Gallery% 48 Achievement% 42 Wizard Run 0 Options --------- Layout 1 ASCII 0 Keyboard 0 Movement Mouse Keybinds 0 Fullscreen 1 Font 24/Smallcaps Map View 50x35 Zoom Use 0% Tactical HUD 1 Map Filters NONE Filters NONE Steam 1 RUN: 657df94a-7946-4b4c-b8ee-d600d327c369